 Dungeon Crawl Stone Soup version 0.31.0-32-g396128a36d (webtiles) character file.

Game seed: 17972746617664524524

883 tizbic2 the Changeling (level 7, -4/33 HPs)
             Began as a Pale Draconian Air Elementalist on Apr 8, 2024.
             Was a Priest of Dithmenos.
             Slain by a wight
             ... wielding a +3 halberd
              (12 damage)
             ... on level 6 of the Dungeon.
             The game lasted 00:18:26 (3621 turns).

tizbic2 the Changeling (DrAE)                       Turns: 3621, Time: 00:18:27

Health: -4/33      AC:  9    Str: 13    XL:     7   Next: 76%
Magic:  13/13      EV: 12    Int: 15    God:    Dithmenos [***...]
Gold:   133        SH:  0    Dex: 11    Spells: 13/14 levels left

rFire   . . .        r - +3 short sword (drain)
rCold   + . .        (no shield)
rNeg    . . .        (body armour unavailable)
rPois   .            e - +2 hat
rElec   .            (no cloak)
rCorr   .            J - +0 pair of gloves
SInv    .            (no boots)
Will    .....        (no amulet)
Stlth   ++           I - ring of protection from cold
HPRegen 0.25/turn    (no ring)
MPRegen 0.13/turn

%: no passive effects
@: short of breath, maw-form, wreathed by umbra
A: devouring maw, reduced hp, breathe steam, AC +6, unfitting armour,
cold-blooded, steam resistance
a: Breathe Steam, Begin Untransformation, Renounce Religion, Shadow Step


You were on level 6 of the Dungeon.
You worshipped Dithmenos.
Dithmenos was most pleased with you.
You were a creature with a mouth for a stomach.
You visited 1 branch of the dungeon, and saw 6 of its levels.
You also visited: Sewer.

You collected 177 gold pieces.
You spent 44 gold pieces at shops.

Inventory:

Hand Weapons
 g - a +2 great sword
 n - a +0 long sword
 q - a +0 scimitar
 r - a +3 short sword of draining (weapon)
 z - a +0 mace of protection
 D - the +0 whip of Gallantry {flame, rElec rF- Str+2}
   (You found it on level 3 of the Dungeon)

   Str+2:     It affects your strength (+2).
   rF-:       It makes you vulnerable to fire.
   rElec:     It insulates you from electricity.
Missiles
 c - 25 stones
 f - 9 poisoned darts
 m - 8 boomerangs
 A - 6 datura-tipped darts
 H - 5 javelins
Armour
 e - a +2 hat (worn)
 J - a +0 pair of gloves (worn)
Jewellery
 I - a ring of protection from cold (left hand)
Talismans
 b - a maw talisman (active)
 t - a serpent talisman
Wands
 s - a wand of digging (5)
 E - a wand of paralysis (7)
Scrolls
 d - 3 scrolls of teleportation {unknown}
 i - a scroll of noise {unknown}
 j - 2 scrolls of enchant armour {unknown}
 k - 2 scrolls of amnesia {unknown}
 o - 2 scrolls of poison {unknown}
 x - a scroll of fear {unknown}
 y - a scroll of revelation {unknown}
 G - a scroll of fog {unknown}
Potions
 a - 2 potions of magic
 h - 3 potions of heal wounds
 l - a potion of haste
 p - a potion of cancellation
 u - 3 potions of might
 v - a potion of invisibility {unknown}
 B - a potion of curing
 C - a potion of degeneration {unknown}
 F - a potion of enlightenment {unknown}
 K - a potion of brilliance {unknown}


   Skills:
 + Level 4.5 Fighting
 - Level 1.7 Dodging
 - Level 1.7 Stealth
 + Level 4.4 Spellcasting
 - Level 1.0 Conjurations
 - Level 3.2 Air Magic
 * Level 5.5 Shapeshifting


You had 13 spell levels left.
You knew the following spells:

 Your Spells              Type           Power      Damage    Failure   Level
a - Shock                 Conj/Air       36%        1d5       7%          1

Your spell library contained the following spells:

 Spells                   Type           Power      Damage    Failure   Level
 Static Discharge         Conj/Air       18%        3-4/arc   11%         2
 Swiftness                Air            13%        N/A       14%         3
 Freeze                   Ice            12%        1d3       17%         1
 Hailstorm                Conj/Ice       4%         3d5       38%         3
 Airstrike                Air            6%         2d(1-17)  41%         4
 Frozen Ramparts          Ice            6%         1d1       45%         3


Dungeon Overview and Level Annotations

Branches:
Dungeon (5/15)              Sewer (visited)
 Temple: D:4-7

Altars:
Dithmenos

Shops:
D:3 (

Annotations:
D:1 1 transporter


Innate Abilities, Weirdness & Mutations

You are a creature with a mouth for a stomach.
Your midsection houses a second, enormous mouth.
Your maximum health is decreased, since you lack skill for your form.
You can breathe blasts of scalding, opaque steam.
Your pale cyan-grey scales are hard. (AC +6)
You cannot fit into any form of body armour.
You are cold-blooded and may be slowed by cold attacks.
You are immune to the effects of steam.


Message History

The wight barely misses you.
There is an open door here.
The wight attacks as it pursues you! The wight completely misses you.
Aiming: Breathe Steam (1% risk of failure)
Press: ? - help, Shift-Dir - straight line You exhale a blast of scalding steam.
The ball of steam hits the wight.
The wight is lightly damaged.
The wight is engulfed in a cloud of scalding steam.
The wight hits you with a +2 great sword!
Unknown command.
You hit the wight but do no damage.
Your tail-slap misses the wight.
The wight is severely damaged.
The wight is engulfed in a cloud of scalding steam.
The wight hits you with a +2 great sword.
You feel drained.
You closely miss the wight. You bite the wight.
You destroy the wight!
Dithmenos accepts your kill.
Your life force feels restored.
The wight closely misses you.
Things that are here:
a +2 great sword; a +0 robe
g - a +2 great sword The wight barely misses you.
The wight barely misses you.
You hit the wight. Your bite misses the wight.
The wight is almost destroyed.
The wight completely misses you.
You closely miss the wight. Your bite misses the wight.
The wight is almost destroyed.
The wight hits you with a +3 halberd!
* * * LOW HITPOINT WARNING * * *
You barely miss the wight.
The wight is almost destroyed.
The wight barely misses you.
You completely miss the wight.
Your tail-slap misses the wight.
Your bite misses the wight.
The wight is almost destroyed.
The wight hits you with a +3 halberd!
You die...

#.# #....# #.#
#....# #.####....#
..
#.....†...#####.#
#.....#...))..#.#
#.....#.#####.#.#
#.#####.##
#.#.##### #
#.....#..#
#[#.....#..
#####.##.#
#W#........ #.##.#
#.z........ #....#
###........
#######.....)...#+#
#.#######.# #


You could see a wight.

Vanquished Creatures
  A centaur (D:6)
  2 brain worms (Sewer)
  2 scorpions (D:4)
  4 wights (D:6)
  A hound (D:4)
  2 bombardier beetles
  A sleepcap (D:4)
  An iguana (D:6)
  An orc wizard (D:4)
  3 gnolls
  A river rat (D:3)
  6 adders
  A ribbon worm (D:3)
  A dart slug (D:1)
  5 orcs
  8 endoplasms
  4 giant cockroaches
  4 hobgoblins
  6 jackals
  4 quokkas
  10 ball pythons
  4 bats
  7 frilled lizards
  8 goblins
  3 kobolds (D:3)
  8 rats
98 creatures vanquished.

Notes
Turn   | Place    | Note
-------+----------+-------------------------------------------
     0 | D:1      | tizbic2 the Draconian Air Elementalist began the quest for
                  | the Orb.
     0 | D:1      | Reached XP level 1. HP: 14/14 MP: 3/3
   249 | D:1      | Reached skill level 1 in Shapeshifting
   249 | D:1      | Reached XP level 2. HP: 13/22 MP: 5/5
   442 | D:1      | Found a faded altar of an unknown god.
   445 | D:1      | Prayed at the altar of an unknown god.
   445 | D:1      | Became a worshipper of Dithmenos the Shadowed
   445 | D:1      | Reached * piety under Dithmenos
   483 | D:1      | Reached skill level 1 in Fighting
   957 | D:2      | Reached XP level 3. HP: 28/28 MP: 1/6
  1367 | D:2      | Reached skill level 2 in Shapeshifting
  1482 | D:3      | Found Heziwois's Weapon Boutique.
  1490 | D:3      | Bought a +0 scimitar for 44 gold pieces
  1529 | D:3      | Found a glowing drain.
  1579 | D:3      | Reached ** piety under Dithmenos
  1598 | Sewer    | Entered a sewer
  1692 | Sewer    | Reached XP level 4. HP: 36/36 MP: 7/7
  1749 | Sewer    | Noticed a brain worm
  1762 | Sewer    | Killed a brain worm
  1763 | Sewer    | Reached skill level 3 in Shapeshifting
  1763 | Sewer    | Reached XP level 5. HP: 37/42 MP: 2/9
  2379 | D:3      | Identified the +0 whip of Gallantry {flame, rElec rF-
                  | Str+2}
  2464 | D:3      | Reached XP level 6. HP: 10/51 MP: 9/11
  2711 | D:4      | Reached skill level 4 in Shapeshifting
  3224 | D:4      | Reached *** piety under Dithmenos
  3286 | D:4      | Your scales start taking on a pale cyan-grey colour.
  3286 | D:4      | Reached XP level 7. HP: 17/58 MP: 12/12
  3286 | D:4      | Gained mutation: You are immune to the effects of steam.
                  | [Pale Draconian growth]
  3414 | D:5      | Entered Level 5 of the Dungeon
  3450 | D:5      | You fall into a shaft and drop 1 floor!
  3542 | D:6      | Reached skill level 5 in Shapeshifting
  3621 | D:6      | Slain by a wight

Illustrated notes

Levels and vault maps discovered:
D:1:      spicycebolla_arrival_risky_transporter, layout_rooms, serial_bayou,
          serial_bayou_lagoon_b, serial_bayou_pond_d, serial_bayou_pond_b,
          serial_bayou_shore_a, shapermc_ecumenical_altar_mp_vishouse
D:2:      layout_loops_corners, nicolae_hexahallways
D:3:      layout_loops_cross, serial_shops, shop, portal_sewer_entry_a,
          minmay_starry_boxes
D:4:      layout_basic
D:5:      layout_loops_corners, ebering_ghost_sewer_f, st_stairs_3,
          minmay_fountain_box
D:6:      layout_basic, overflow_temple_1_default

Skill      XL: |  1  2  3  4  5  6  7 |
---------------+----------------------+-----
Shapeshifting  | 1 2 3 4 5 |  5.5
Fighting       | 1 2 3 4 |  4.5
Spellcasting   | 3 4 |  4.4
Dodging        | |  1.7
Stealth        | |  1.7
Conjurations   | |  1.0
Air Magic      | |  3.2

Action                     |  1- 3 |  4- 6 |  7- 9 || total
---------------------------+-------+-------+-------++-------
  Melee: Dagger            |    56 |       |       ||    56
         Unarmed           |    18 |    72 |       ||    90
         Tailslap          |    15 |    12 |       ||    27
         Punch             |     2 |     1 |       ||     3
         Mace              |    23 |    17 |       ||    40
         Long sword        |    30 |       |       ||    30
         Short sword       |    25 |    55 |    17 ||    97
         Scimitar          |     5 |       |       ||     5
         Constrict         |       |    18 |       ||    18
         Maw               |       |     6 |     4 ||    10
   Cast: Shock             |    14 |     5 |     5 ||    24
Ability: Breathe Steam     |       |       |     3 ||     3
    Use: Potion            |     1 |       |       ||     1
         Scroll            |     3 |       |     2 ||     5
   Stab: Sleeping          |     1 |    10 |       ||    11
 Armour: Skin              |    89 |    69 |    14 ||   172
  Dodge: Dodged            |   110 |    91 |    19 ||   220
   Form: Serpent           |       |     1 |       ||     1
         Maw               |       |     1 |       ||     1
